 Dungeon Crawl Stone Soup version 0.31-a0-831-g143b1e81fc (webtiles) character file.

Game seed: 4826292156923309562

137 Dirtsage the Chopper (level 5, 25/41 HPs)
             Began as a Demonspawn Fighter on Sept 24, 2023.
             Quit the game on level 3 of the Dungeon.
             The game lasted 00:02:33 (1595 turns).

Dirtsage the Chopper (Demonspawn Fighter)           Turns: 1595, Time: 00:02:33

Health: 25/41      AC: 13    Str: 18    XL:     5   Next: 0%
Magic:  5/5        EV:  9    Int: 11    God:
Gold:   130        SH:  4    Dex: 13    Spells: 4/4 levels left

rFire   . .          .
                       - Unarmed
rCold   + . .        c - +0 buckler
rNeg    . . .        b - +0 scale mail
rPois   .            (no helmet)
rElec   .            (no cloak)
rCorr   .            (no gloves)
SInv    .            p - +2 pair of boots
Will    .....        (no amulet) Stlth
                     h - +4 ring of protection
HPRegen 0.26/turn    I - ring of protection from cold
MPRegen 0.09/turn

%: no passive effects
@: no status effects
A: claws 1, big brain 1, demonic magic 1
a: no special abilities


You were on level 3 of the Dungeon.
You visited 1 branch of the dungeon, and saw 3 of its levels.

You collected 130 gold pieces.

Inventory:

Hand Weapons
 a - a +0 war axe
Armour
 b - a +0 scale mail (worn)
 c - a +0 buckler (worn)
 p - a +2 pair of boots (worn)
Jewellery
 h - a +4 ring of protection (left claw)
 I - a ring of protection from cold (right claw)
Scrolls
 f - 4 scrolls of identify {unknown}
 j - a scroll of fear {unknown}
 m - a scroll of immolation {unknown}
 o - 2 scrolls of enchant armour {unknown}
 q - a scroll of amnesia {unknown}
 s - a scroll of fog {unknown}
 t - a scroll of blinking {unknown}
 u - a scroll of poison {unknown}
 w - a scroll of enchant weapon {unknown}
 x - a scroll of teleportation {unknown}
Potions
 d - 2 potions of might
 e - 2 potions of magic {unknown}
 g - a potion of attraction {unknown}
 i - a potion of enlightenment {unknown}
 k - a potion of berserk rage {unknown}
 l - 2 potions of curing {unknown}
 n - 2 potions of cancellation {unknown}
 r - a potion of heal wounds {unknown}
 v - 3 potions of lignification {unknown}


   Skills:
 - Level 3.0 Fighting
 - Level 3.2 Axes
 - Level 2.6 Armour
 - Level 2.6 Shields
 * Level 3.2 Unarmed Combat


You had 4 spell levels left.
You didn't know any spells.
Your spell library was empty.

Dungeon Overview and Level Annotations

Branches:
Dungeon (3/15)

Altars:

Annotations:
D:1 1 transporter


Innate Abilities, Weirdness & Mutations

You have sharp fingernails.
You have an unusually large brain. (Int +2)
Spells you cast may paralyse adjacent enemies.


Message History

You take 3 damage, and have 23/35 hp.
You are too injured to fight recklessly!
You are too injured to fight recklessly!
You are too injured to fight recklessly!
You are too injured to fight recklessly!
You are too injured to fight recklessly!
You are too injured to fight recklessly!
You are too injured to fight recklessly!
You are too injured to fight recklessly!
You are too injured to fight recklessly!
You are too injured to fight recklessly!
You barely miss the orc. The orc hits you but does no damage. x2
The orc hits you with a +0 trident.
You take 4 damage, and have 19/35 hp.
You claw the orc!
You kill the orc!
The orc completely misses you. The orc hits you but does no damage.
You claw the orc!
You kill the orc!
You block the orc's attack. The orc closely misses you.
Things that are here:
a +0 trident; 3 boomerangs; an orc corpse The orc closely misses you.
You scratch the orc.
The orc is heavily wounded.
You scratch the orc.
The orc is heavily wounded.
The orc barely misses you.
You closely miss the orc.
The orc is heavily wounded.
The orc barely misses you.
You scratch the orc.
You kill the orc!
You have reached level 5!
Your demonic ancestry asserts itself...
A menacing aura infuses your magic.
You regained 4 hp, and now have 25/41 hp.
MP restored: 5 Are you sure you want to abandon this character and quit the game? (Confirm with "yes".)

##...##..........##..####
##. #..†............##....#
#..
##..............#####.###.#
#####.........>## ##.#...#
#............###....###
#..!................###
#.........(.......#..##
#..).)...............##
#..)))@...........#....
#............######....
....#......#.#.# #....
......##.####.# #####
(..... #.# ...... ..#
.<.... ### ...


There were no monsters in sight!

Vanquished Creatures
  A gnoll (D:2)
  4 adders (D:2)
  A worm (D:2)
  3 dart slugs
  8 orcs (D:3)
  11 ball pythons
  6 bats
  10 endoplasms
  2 giant cockroaches
  6 goblins
  3 hobgoblins (D:2)
  A jackal (D:2)
  3 kobolds
  3 quokkas
  3 frilled lizards
  A rat (D:2)
66 creatures vanquished.

Notes
Turn   | Place    | Note
-------+----------+-------------------------------------------
     0 | D:1      | Dirtsage the Demonspawn Fighter began the quest for the
                  | Orb.
     0 | D:1      | Reached XP level 1. HP: 18/18 MP: 1/1
   113 | D:1      | Found a faded altar of an unknown god.
   185 | D:1      | Gained mutation: You have an unusually large brain. (Int
                  | +2) [demonic ancestry]
   185 | D:1      | Reached XP level 2. HP: 24/24 MP: 2/2
   659 | D:2      | Gained mutation: You have sharp fingernails. [demonic
                  | ancestry]
   659 | D:2      | Reached XP level 3. HP: 28/29 MP: 3/3
   747 | D:2      | Reached skill level 1 in Unarmed Combat
   958 | D:2      | Reached XP level 4. HP: 35/35 MP: 4/4
  1538 | D:3      | Noticed a +0 falchion
  1538 | D:3      | Noticed a +0 falchion
  1538 | D:3      | Noticed a +0 spear
  1539 | D:3      | Noticed a +0 spear
  1539 | D:3      | Noticed a +0 short sword
  1540 | D:3      | Noticed a +0 short sword
  1540 | D:3      | Noticed a +0 dagger
  1543 | D:3      | Noticed a +0 dagger
  1595 | D:3      | Gained mutation: Spells you cast may paralyse adjacent
                  | enemies. [demonic ancestry]
  1595 | D:3      | Reached XP level 5. HP: 25/41 MP: 5/5
  1595 | D:3      | Quit the game

Illustrated notes

Levels and vault maps discovered:
D:1:      spicycebolla_arrival_risky_transporter, layout_loops_ring,
          ebering_ecumenical_altar_box
D:2:      minmay_razor_zed, layout_rooms
D:3:      layout_rooms, nicolae_uskayaw_en_pointe

Skill      XL: |  1  2  3  4 |
---------------+-------------+-----
Axes           | 2 3 |  3.2
Unarmed Combat | 1 3 |  3.2
Fighting       | |  3.0
Armour         | |  2.6
Shields        | |  2.6

Action                     |  1- 3 |  4- 6 || total
---------------------------+-------+-------++-------
  Melee: War axe           |   117 |    22 ||   139
         Unarmed           |       |    40 ||    40
 Armour: Scale mail        |   100 |    45 ||   145
  Dodge: Dodged            |    66 |    33 ||    99
  Block: Buckler           |    33 |    11 ||    44

Table legend: (Time is in decaauts)
 A = Elapsed time spent in this place.
 B = Non-inter-level travel time spent in this place.
 C = Inter-level travel time spent in this place.
 D = Time resting spent in this place.
 E = Time spent auto-exploring this place.
 F = Levels seen in this place.
 G = Mean time per level.
                   A        B        C        D        E       F      G
               +--------+--------+--------+--------+--------+-----+--------+
         Total |   1647 |   1601 |     46 |      0 |   1195 |   3 |  549.0 |
       Dungeon |   1647 |   1601 |     46 |      0 |   1195 |   3 |  549.0 |
               +--------+--------+--------+--------+--------+-----+--------+

Top non-repeatable levels by time:
     D:2: 793 daAuts
     D:1: 678 daAuts
     D:3: 175 daAuts
